 Dungeon Crawl Stone Soup version 0.31.0-9-g3a7656b989 (webtiles) character file.

Game seed: 5395122825878613070

26572 Killerpretzel the Geomancer (level 13, -7/63 HPs)
             Began as a Gargoyle Earth Elementalist on Jan 27, 2024.
             Was a Priest of Vehumet.
             Shot with an arrow by a centaur warrior (12 damage)
             ... on level 15 of the Dungeon.
             The game lasted 02:06:44 (18812 turns).

Killerpretzel the Geomancer (GrEE)                 Turns: 18812, Time: 02:06:45

Health: -7/63      AC: 17    Str:  9    XL:     13   Next: 26%
Magic:  21/26      EV: 19    Int: 21    God:    Vehumet [***...]
Gold:   1929       SH:  0    Dex: 10    Spells: 20/31 levels left

rFire   + . .        C - +6 mace of the Hills {flame, rPois Will+}
rCold   . . .        (no shield)
rNeg    + + +        u - +2 robe of the Manifold Stars {rPois rN++ Regen+ Str-3}
rPois   ∞            (no helmet)
rElec   +            (no cloak)
rCorr   .            P - +2 pair of gloves
SInv    .            l - +0 pair of boots
Will    +....        (no amulet)
Stlth   ++++         t - ring of protection from fire
HPRegen 1.10/turn    o - +5 ring of evasion
MPRegen 0.20/turn

%: no passive effects
@: about to teleport
A: sickness immunity, AC +9, negative energy resistance 1, electricity
resistance, torment resistance 1, petrification resistance
a: Renounce Religion


You were on level 15 of the Dungeon.
You worshipped Vehumet.
Vehumet was most pleased with you.
You visited 3 branches of the dungeon, and saw 17 of its levels.

You collected 1929 gold pieces.

Inventory:

Hand Weapons
 a - a +0 broad axe of flaming
 e - a +0 whip of electrocution
 s - a +2 dagger of electrocution
 v - a +0 dagger of electrocution
 w - the +8 dagger "Ahaxum" {flame, rPois Will+ Dex-2}
   (You found it on level 6 of the Dungeon)

   Dex-2:     It affects your dexterity (-2).
   rPois:     It protects you from poison Will+: It increases your willpower.
 C - the +6 mace of the Hills (weapon) {flame, rPois Will+}
   (You found it on level 12 of the Dungeon)

   rPois:     It protects you from poison Will+: It increases your willpower.
 H - a +0 dagger of speed
Missiles
 p - 13 boomerangs
 I - 17 stones
Armour
 d - a scarf of harm
 l - a +0 pair of boots (worn)
 r - a +0 ring mail of cold resistance
 u - the +2 robe of the Manifold Stars (worn) {rPois rN++ Regen+ Str-3}
   (You took it off an orc priest on level 3 of the Dungeon)

   Str-3:     It affects your strength (-3).
   rPois:     It protects you from poison rN++: It greatly protects you from
   negative energy.
   Regen+:    It increases your rate of health regeneration.
 x - +0 acid dragon scales
 z - +0 acid dragon scales
 E - +0 acid dragon scales
 M - a +0 pair of gloves
 N - a +0 troll leather armour
 P - a +2 pair of gloves (worn)
Magical Staves
 B - a staff of alchemy
Jewellery
 i - a ring of fire
 o - a +5 ring of evasion (right hand)
 t - a ring of protection from fire (left hand)
 A - a +6 ring of dexterity
 Q - a ring of positive energy
 R - an amulet of faith
Wands
 f - a wand of iceblast (14)
 k - a wand of paralysis (16)
 y - a wand of quicksilver (11)
 F - a wand of flame (26)
Scrolls
 q - 7 scrolls of identify
 D - 3 scrolls of enchant armour
 G - a scroll of amnesia
 K - 4 scrolls of blinking
 L - a scroll of immolation
 O - a scroll of poison
 U - a scroll of torment
Potions
 b - a potion of magic
 c - a potion of enlightenment
 g - 3 potions of cancellation
 h - a potion of mutation
 j - a potion of ambrosia {unknown}
 m - 2 potions of brilliance {unknown}
 n - 2 potions of degeneration
 J - 2 potions of invisibility {unknown}


   Skills:
 - Level 7.5 Dodging
 - Level 10.3 Stealth
 + Level 9.5 Spellcasting
 * Level 12.1 Conjurations
 * Level 13.9 Earth Magic


You had 20 spell levels left.
You knew the following spells:

 Your Spells              Type           Power      Damage    Failure   Level
a - Sandblast             Erth           100%       2d20      0%          1
b - Mephitic Cloud        Conj/Alch/Air  27%        N/A       1%          3
c - Brom's Barrelling Bo  Conj/Erth      59%        2d7       1%          4
d - Passwall              Erth           62%        N/A       1%          3

Your spell library contained the following spells:

 Spells                   Type           Power      Damage    Failure   Level
 Sticky Flame             Fire/Alch      9%         2d5       17%         4
 Magic Dart               Conj           100%       1d8       1%          1
 Dazzling Flash           Conj/Hex       70%        N/A       1%          3
 Stone Arrow              Conj/Erth      100%       3d13      1%          3
 Iskenderun's Battlesphe  Conj           57%        2d11      1%          5
 Bombard                  Conj/Erth      29%        9d5       1%          6
 Petrify                  Alch/Erth      39%        N/A       3%          4
 Borgnjor's Vile Clutch   Necr/Erth      19%        N/A       11%         5
 Fugue of the Fallen      Necr           9%         N/A       21%         3
 Ozocubu's Armour         Ice            9%         N/A       21%         3
 Tukima's Dance           Hex            9%         N/A       21%         3
 Yara's Violent Unravell  Hex/Alch       4%         3d4       41%         5
 Lehudib's Crystal Spear  Conj/Erth      29%        10d8      45%         8
 Manifold Assault         Tloc           9%         N/A       56%         4
 Passage of Golubria      Tloc           9%         N/A       56%         4
 Spellforged Servitor     Conj/Summ      17%        N/A       71%         7
 Alistair's Intoxication  Alch           6%         N/A       88%         5
 Curse of Agony           Necr           9%         N/A       88%         5
 Silence                  Hex/Air        4%         N/A       88%         5
 Eringya's Noxious Bog    Alch           4%         4d6       92%         6


Dungeon Overview and Level Annotations

Branches:
Dungeon (15/15)            Temple (1/1) D:5            Lair (1/5) D:8
    Orc (0/2) D:12         Vaults (0/5) D:14
 Depths: D:15

Altars:
Ashenzari
Cheibriados
Dithmenos
Elyvilon
Fedhas
Gozag
Hepliaklqana
Kikubaaqudgha
Makhleb
Nemelex Xobeh
Okawaru
Qazlal
Ru
Sif Muna
Trog
Uskayaw
Vehumet
Wu Jian
Xom
Yredelemnul
Zin
The Shining One

Shops:
D:1 :   D:5 !   D:7 :

Annotations:
D:3 1 runed translucent door, Crazy Yiuf
D:8 exclusions: 2 downstairs and 1 more exclusion
D:11 exclusion: boulder beetle
D:13 3 runed translucent doors, exclusions: boulder beetle, centaur warrior, cyclops, tengu warrior and upstairs, 00Nightcrawler's ghost, journeyman VSSh


Innate Abilities, Weirdness & Mutations

You are immune to sickness and miasma.
Your stone body is resilient. (AC +9)
You are immune to poison.
You resist negative energy. (rN+)
You are resistant to electric shocks. (rElec)
You are resistant to unholy torment.
You are immune to petrification.


Message History

The blast of sand hits the skeletal warrior but does no damage.
The skeletal warrior hits you with a +0 flail!!
The skeletal warrior closely misses you.
The centaur warrior unwields a +0 shortbow.
The centaur warrior barely misses you.
The centaur warrior kicks you but does no damage.
The skeletal warrior closely misses you.
The skeletal warrior hits you with a +0 flail.
There are monsters nearby!
Casting: Sandblast (safe; 0% risk of failure)
Confirm with . or Enter, or press ? or * to list all spells.
Aiming: Sandblast (safe; 0% risk of failure)
Press: ? - help, Shift-Dir - straight line, f/p - skeletal warrior
Aim: a skeletal warrior, wielding a +0 war axe (85% to hit)
The blast of sand hits the skeletal warrior but does no damage.
The centaur warrior closely misses you. The centaur warrior kicks you.
The centaur warrior hits you but does no damage.
The centaur warrior kicks you but does no damage.
The skeletal warrior hits you with a +0 war axe!
* * * LOW HITPOINT WARNING * * *
The skeletal warrior misses you.
The centaur warrior hits you but does no damage.
The centaur warrior kicks you.
* * * LOW HITPOINT WARNING * * *
There are monsters nearby!
You feel better. The skeletal warrior barely misses you.
The centaur warrior hits you but does no damage.
The centaur warrior closely misses you.
The skeletal warrior completely misses you.
As you read the scroll of teleportation, it crumbles to dust.
You feel strangely unstable. The centaur warrior barely misses you.
The centaur warrior closely misses you.
The skeletal warrior hits you with a +0 flail!
* * * LOW HITPOINT WARNING * * *
The skeletal warrior hits you but does no damage.
The centaur warrior hits you but does no damage.
The centaur warrior barely misses you.
The centaur warrior wields a +0 shortbow.
The centaur warrior shoots an arrow.
The arrow hits you!
You die...

..< #....#
......#....#
#.....#....#
##..........#
...........######
#...............
##...............
#$.....z.@.......
....##.z........#
#......c........#
#..####..........#
#...<...$..#
#...........#
..............#
###.#...####.##
#...... .#


You could see 2 skeletal warriors and a centaur warrior.

Vanquished Creatures
  A centaur warrior (D:8)
  6 two-headed ogres
  An occultist (D:10)
  A skeletal warrior (D:15)
  Lodul (D:14)
  An arcanist (D:14)
  3 deep elf pyromancers
  A deep elf zephyrmancer (D:14)
  Pikel (D:4)
  A wolf spider (D:12)
  An ugly thing (D:12)
  3 manticores
  A cyclops (D:12)
  Joseph (D:10)
  3 cane toads (Lair:1)
  Maggie (D:6)
  An unseen horror (D:12)
  2 gargoyles (D:12)
  A komodo dragon (Lair:1)
  2 efreet
  4 trolls
  2 blink frogs (Lair:1)
  6 slime creatures (D:12)
  2 centaur simulacra (D:12)
  2 shadows
  8 wraiths
  A wyvern (D:8)
  2 basilisks
  10 yaks
  4 vampire mosquitoes
  Menkaure (D:4)
  4 water moccasins
  5 acid dragons
  6 orc warriors
  3 ice beasts
  2 black bears
  9 ogres
  4 boggarts (D:14)
  2 laughing skulls (D:14)
  3 sky beasts
  3 centaurs
  2 lemures (D:4)
  3 phantoms
  3 kobold brigands
  4 bullfrogs
  A gnoll sergeant (D:8)
  A scorpion (D:5)
  9 wights (D:8)
  5 howler monkeys
  3 bombardier beetles
  3 jellies
  2 gnoll boudas (D:10)
  2 hounds (D:6)
  13 orc priests
  4 iguanas
  16 orc wizards
  10 adders
  13 gnolls
  2 dart slugs
  51 orcs
  3 bats
  9 endoplasms
  4 giant cockroaches
  9 goblins
  9 hobgoblins
  6 jackals
  4 quokkas
  9 ball pythons
  3 frilled lizards
  11 kobolds
  6 rats
336 creatures vanquished.

Vanquished Creatures (collateral kills)
  37 boulders
37 creatures vanquished.

Vanquished Creatures (others)
  A vampire (D:12)
  51 boulders
52 creatures vanquished.

Grand Total: 425 creatures vanquished

Notes
Turn   | Place    | Note
-------+----------+-------------------------------------------
     0 | D:1      | Killerpretzel the Gargoyle Earth Elementalist began the
                  | quest for the Orb.
     0 | D:1      | Reached XP level 1. HP: 10/10 MP: 3/3
   177 | D:1      | Reached XP level 2. HP: 9/15 MP: 0/5
   253 | D:1      | Found Plog's Book Boutique.
   682 | D:1      | Reached XP level 3. HP: 19/19 MP: 3/6
  1102 | D:2      | Reached skill level 4 in Earth Magic
  1313 | D:2      | Reached XP level 4. HP: 24/24 MP: 4/7
  1537 | D:2      | Found a faded altar of an unknown god.
  1561 | D:2      | Got Plato's Meditations on Destruction
  1947 | D:3      | Reached XP level 5. HP: 28/28 MP: 3/9
  2240 | D:3      | Reached XP level 6. HP: 28/32 MP: 0/10
  2361 | D:3      | Identified the +2 robe of the Manifold Stars {rPois rN++
                  | Regen+ Str-3}
  2536 | D:3      | Found a runed translucent door.
  2537 | D:3      | Noticed Crazy Yiuf
  2701 | D:3      | Reached skill level 5 in Earth Magic
  3121 | D:4      | Noticed a water moccasin
  3144 | D:4      | Killed a water moccasin
  3145 | D:4      | Reached XP level 7. HP: 19/36 MP: 4/12
  3254 | D:4      | Noticed Menkaure
  3406 | D:4      | Noticed Pikel
  3427 | D:5      | Entered Level 5 of the Dungeon
  3494 | D:5      | Found a staircase to the Ecumenical Temple.
  3554 | Temple   | Entered the Ecumenical Temple
  3851 | D:5      | Reached skill level 5 in Stealth
  3851 | D:5      | Reached XP level 8. HP: 40/41 MP: 4/14
  3955 | D:5      | Reached skill level 6 in Earth Magic
  4098 | D:5      | Found a radiant altar of Vehumet.
  4111 | D:5      | Became a worshipper of Vehumet
  4198 | D:5      | HP: 1/41 [ice beast (10)]
  4692 | D:5      | Found Ycvoluept's Distillery.
  4892 | D:6      | Reached skill level 5 in Conjurations
  5008 | D:6      | Noticed Maggie
  5149 | D:6      | Identified the +8 dagger "Ahaxum" {flame, rPois Will+
                  | Dex-2}
  5451 | D:6      | Reached skill level 7 in Earth Magic
  5636 | D:6      | Reached XP level 9. HP: 45/45 MP: 11/16
  5670 | D:6      | Reached skill level 5 in Spellcasting
  6383 | D:7      | Found Jifa Meo's Book Boutique.
  6383 | D:7      | Noticed a walking crystal tome
  6384 | D:7      | Noticed a walking earthen tome
  6555 | D:7      | Found a sand-covered staircase.
  6854 | D:8      | Found a sacrificial altar of Ru.
  6980 | D:8      | Found a burning altar of Makhleb.
  7210 | D:8      | Reached skill level 5 in Dodging
  7291 | D:8      | Noticed a deep elf pyromancer
  7314 | D:8      | Found a staircase to the Lair.
  7663 | D:8      | Reached skill level 8 in Earth Magic
  7947 | D:9      | Noticed a two-headed ogre
  8156 | D:9      | Reached * piety under Vehumet
  8156 | D:9      | Offered knowledge of Sting by Vehumet.
  8157 | D:9      | Reached XP level 10. HP: 46/50 MP: 7/18
  8910 | D:10     | Entered Level 10 of the Dungeon
  8910 | D:10     | Found a glowing silver altar of Zin.
  8910 | D:10     | Found a hazy altar of Hepliaklqana.
  9201 | D:10     | Noticed a two-headed ogre
  9438 | D:10     | Noticed Joseph
  9504 | D:11     | Reached skill level 9 in Earth Magic
 10061 | D:1      | Identified a scroll of acquirement
 10061 | D:1      | Acquired 664 gold pieces
 10192 | Lair:1   | Entered Level 1 of the Lair of Beasts
 10192 | Lair:1   | Noticed a cane toad
 10575 | D:4      | Killed Pikel
 10731 | D:4      | Killed Menkaure
 10958 | D:6      | Killed Maggie
 11047 | D:8      | Learned a level 4 spell: Brom's Barrelling Boulder
 11051 | D:8      | Learned a level 3 spell: Passwall
 11177 | D:8      | Offered knowledge of Kiss of Death by Vehumet.
 11179 | D:8      | Reached ** piety under Vehumet
 11180 | D:8      | Reached XP level 11. HP: 54/54 MP: 12/21
 11195 | D:8      | Noticed a centaur warrior
 11203 | D:8      | Noticed a centaur warrior
 11420 | D:8      | Killed a centaur warrior
 11453 | D:8      | Noticed a cyclops
 11515 | D:8      | Noticed a two-headed ogre
 11568 | D:8      | Killed a two-headed ogre
 11569 | D:8      | Reached skill level 10 in Earth Magic
 12089 | D:10     | Noticed an occultist
 12107 | D:10     | Killed an occultist
 12107 | D:10     | Noticed a two-headed ogre
 12137 | D:10     | Killed a two-headed ogre
 12604 | D:10     | Killed Joseph
 13215 | D:10     | Killed a two-headed ogre
 13216 | D:10     | Reached skill level 10 in Stealth
 13356 | D:11     | You fall into a shaft and drop 1 floor!
 13551 | D:13     | Noticed a boulder beetle
 13637 | D:13     | Noticed a cyclops
 13748 | D:13     | Noticed a boulder beetle
 13814 | D:13     | Noticed a centaur warrior
 13950 | D:13     | Found a runed translucent gate.
 13951 | D:13     | Found a runed translucent gate.
 13951 | D:13     | Found a runed translucent gate.
 13951 | D:13     | Noticed a phantasmal warrior
 13959 | D:13     | Noticed 00Nightcrawler's ghost (journeyman VSSh)
 14006 | D:13     | Noticed a tengu warrior
 14510 | D:11     | Noticed a boulder beetle
 15067 | Lair:1   | Offered knowledge of Momentum Strike by Vehumet.
 15167 | Lair:1   | Reached XP level 12. HP: 44/59 MP: 13/24
 15178 | Lair:1   | Reached skill level 11 in Earth Magic
 15688 | D:12     | Identified the +6 mace of the Hills {flame, rPois Will+}
 16214 | D:12     | Reached skill level 10 in Conjurations
 16396 | D:12     | Reached *** piety under Vehumet
 16397 | D:12     | Reached skill level 12 in Earth Magic
 16478 | D:12     | Learned a level 3 spell: Mephitic Cloud
 17037 | D:12     | Noticed a boulder beetle
 17288 | D:12     | Found a staircase to the Orcish Mines.
 18037 | D:14     | Noticed Lodul
 18045 | D:14     | Killed Lodul
 18046 | D:14     | Reached skill level 13 in Earth Magic
 18168 | D:14     | Offered knowledge of Sticky Flame by Vehumet.
 18281 | D:14     | Noticed a two-headed ogre
 18303 | D:14     | Reached XP level 13. HP: 56/63 MP: 15/26
 18573 | D:14     | Found a gate to the Vaults.
 18790 | D:15     | Entered Level 15 of the Dungeon
 18810 | D:15     | HP: 3/63 [skeletal warrior/+0 flail (13)]
 18812 | D:15     | Shot with an arrow by a centaur warrior

Illustrated notes

Levels and vault maps discovered:
D:1:      wander_arrival_peaceful_grave, layout_basic, serial_shops,
          nicolae_book_shop_shelving
D:2:      layout_rooms, shapermc_ecumenical_altar_rom_forum
D:3:      layout_rooms, uniq_crazy_yiuf_cottage
D:4:      layout_basic, uniq_pikel, uniq_menkaure
D:5:      layout_basic, mainiacjoe_overflow_concentric_impassable,
          minmay_temple_entry_trees, serial_bayou, serial_bayou_pond_e,
          serial_bayou_crossing, serial_bayou_pond_e, serial_bayou_lagoon_a,
          fountainhead, nicolae_zen_rock_garden, hangedman_decor_riveting,
          minmay_shop_grid_forest
D:6:      layout_loops_ring, uniq_maggie
D:7:      layout_basic, serial_shops, nicolae_shop_mannequins,
          nicolae_ossuary_entry_plus, minivault_23,
          hangedman_decor_clover_reticule, eino_small_chamber_without_monster,
          minmay_misc_feat_chi
D:8:      minmay_the_grid_octo_tiled_octocenter
          [minmay_the_grid_octo_tetromino_candy, minmay_the_grid_octo_77,
          minmay_the_grid_octo_odd_swirl, minmay_the_grid_octo_pinwheel,
          minmay_the_grid_octo_prize_star, minmay_the_grid_square_5x5_tie,
          minmay_the_grid_square_5x5_one_wall,
          minmay_the_grid_square_5x5_shuriken, minmay_the_grid_square_5x5_bite],
          layout_basic, mainiacjoe_overflow_catwalk_spiral
D:9:      layout_rooms, serial_curves, eino_curves_02, eino_curves_02,
          eino_curves_03, chequers_serial_rivers_micro_a
D:10:     layout_stronghold, grunt_temple_overflow_open,
          minmay_chambers_of_fives, uniq_joseph
D:11:     layout_loops_cross
D:12:     layout_loops_ring, minmay_orc_entry_temple_small,
          gauntlet_entry_generic, minmay_shattered_shrine
D:13:     minmay_big_diamond_grid, layout_basic, gammafunk_ghost_spectres
D:14:     layout_rooms, david_vaults_1, serial_park_tiny_pond, uniq_lodul
D:15:     grunt_enter_depths_giant_problem, layout_rooms
Temple:   sentei_temple_godly_chess
Lair:1:   layout_cave_pods, lemuel_fruit_tree

Skill      XL: |  1  2  3  4  5  6  7  8  9 10 11 12 13 |
---------------+----------------------------------------+-----
Earth Magic    | 4 5 7 8 9 10 13 | 13.9
Dodging        | 2 3 4 5 6 7 |  7.5
Conjurations   | 2 3 4 5 6 8 9 11 12 | 12.1
Stealth        | 3 4 5 6 7 9 10 | 10.3
Spellcasting   | 3 4 5 7 8 9 |  9.5

Action                     |  1- 3 |  4- 6 |  7- 9 | 10-12 | 13-15 || total
---------------------------+-------+-------+-------+-------+-------++-------
  Melee: Unarmed           |     7 |       |       |       |       ||     7
         Punch             |     1 |       |       |       |       ||     1
         Club              |    15 |    35 |       |       |       ||    50
         Dagger            |       |     3 |     1 |       |       ||     4
         Mace              |       |       |       |     1 |       ||     1
   Cast: Sandblast         |    46 |    98 |   239 |   364 |    22 ||   769
         Brom's Barrelling |       |       |       |   110 |     3 ||   113
         Mephitic Cloud    |       |       |       |    28 |     4 ||    32
  Evoke: Wand              |       |       |     3 |     8 |       ||    11
    Use: Scroll            |       |     8 |       |    18 |     1 ||    27
         Potion            |       |       |       |     5 |     1 ||     6
 Armour: Robe              |    22 |    56 |    74 |   210 |    24 ||   386
  Dodge: Dodged            |    38 |    48 |   112 |   272 |    17 ||   487
